 Dungeon Crawl Stone Soup version 0.25-a0-98-g0cf78c2f83 (webtiles) character file.

Game seed: 15662177434841587237, levelgen mode: deterministic

323 mortelune the Slasher (level 6, -1/49 HPs)
             Began as a Demonspawn Monk on Nov 13, 2019.
             Slain by an orc wizard
             ... wielding a +0 dagger
              (2 damage)
             ... on level 3 of the Dungeon.
             The game lasted 00:08:40 (3308 turns).

mortelune the Slasher (Demonspawn Monk)             Turns: 3308, Time: 00:08:41

Health: -1/49      AC:  8    Str: 22 (23) XL:     6   Next: 23%
Magic:  6/6        EV: 12    Int:  9 (12) God:
Gold:   93         SH:  0    Dex: 13 (15) Spells: 5/5 levels left

rFire    . . .     SeeInvis .   a - +0 falchion
rCold    . . .     Gourm    .   (no shield)
rNeg     . . .     Faith    .   s - +0 ring mail
rPois    .         Spirit   .   r - +1 helmet
rElec    .         Reflect  .   (no cloak)
rCorr    +         Harm     .   n - +0 pair of gloves
MR       .....     Clarity  +   (no boots)
Stlth    +.........             (no amulet)
HPRegen  0.56/turn              t - ring of resist corrosion
MPRegen  0.10/turn              h - +5 ring of strength

@: mighty
A: clarity, foul stench 1, powered by pain 1, regeneration 1, rot immunity
a: no special abilities


You were on level 3 of the Dungeon.
You were hungry.

You visited 1 branch of the dungeon, and saw 4 of its levels.

You collected 93 gold pieces.

Inventory:

Hand Weapons
 a - a +0 falchion (weapon)
Missiles
 x - 14 stones (quivered)
Armour
 b - a +0 robe
 l - a +0 leather armour
 n - a +0 pair of gloves (worn)
 r - a +1 helmet (worn)
 s - a +0 ring mail (worn)
Jewellery
 d - an uncursed ring of positive energy
 h - a +5 ring of strength (right hand)
 t - a ring of resist corrosion (left hand)
Scrolls
 o - a scroll of identify
 u - a scroll of remove curse
Potions
 k - 3 potions of flight
Comestibles
 c - 2 rations


   Skills:
 + Level 4.7 Fighting
 * Level 5.5 Long Blades
 - Level 2.6 Dodging
 - Level 1.7 Stealth


You had 5 spell levels left.
You didn't know any spells.
Your spell library was empty.

Dungeon Overview and Level Annotations

Branches:
Dungeon (4/15)             Temple (0/1) D:4

Altars:
Dithmenos
Nemelex Xobeh
Trog
Yredelemnul

Annotations:
D:2 Sigmund


Innate Abilities, Weirdness & Mutations

You may emit foul miasma when damaged in melee.
You sometimes gain a little power by taking damage.
You are immune to rotting.
You possess an exceptional clarity of mind.
Your natural rate of healing is unusually fast.


Message History

All of the chunks of flesh in your inventory have rotted away.
Found a staircase to the Ecumenical Temple.
There is an escape hatch in the ceiling here.
A mysterious force pulls you upwards. The hatch slams shut behind you.
The orc wizard points at you and mumbles some strange words.
The puff of frost hits you!
* * * LOW HITPOINT WARNING * * *
You focus on the pain.
You feel mightier all of a sudden.
You hit the orc wizard.
The orc wizard is moderately wounded.
The orc hits you but does no damage.
The orc wizard gestures at you while chanting.
The puff of frost misses you.
You barely miss the orc wizard.
The orc wizard is moderately wounded.
The orc hits you from afar with a +0 trident.
* * * LOW HITPOINT WARNING * * *
The orc wizard hits you with a +0 dagger.
You die...

.....o.o #.#.....####
#.((... #.#.........
#....o #...........
#.(.. ##.#.##....# ...
#.#.##...## #(#
#.#.##...## #o#
#..รท##...## #.#
##############..##....'
#.#
#.....@oo......>#######
#.# #.############### #
#.# #)# #.# #.#
#.####o# #.o....#
########


You could see an orc wizard and an orc.

Vanquished Creatures
  An ice beast (D:4)
  A scorpion (D:4)
  A centaur skeleton (D:2)
  An orc wizard (D:4)
  3 adders
  2 gnolls (D:4)
  A howler monkey skeleton (D:4)
  3 worms (D:3)
  3 dart slugs
  4 orcs
  2 ball pythons
  7 bats
  3 giant cockroaches
  5 goblins
  5 hobgoblins
  6 jackals
  4 frilled lizards
  5 kobolds
  11 rats
  A spectral orc (D:3)
69 creatures vanquished.

Notes
Turn   | Place    | Note
-------+----------+-------------------------------------------
     0 | D:1      | mortelune the Demonspawn Monk began the quest for the Orb.
     0 | D:1      | Reached XP level 1. HP: 18/18 MP: 1/1
   328 | D:1      | Reached skill level 3 in Long Blades
   430 | D:1      | Gained mutation: You are immune to rotting. [demonic
                  | ancestry]
   430 | D:1      | Reached XP level 2. HP: 22/24 MP: 2/2
  1074 | D:2      | Noticed Sigmund
  1300 | D:2      | Gained mutation: You may emit foul miasma when damaged in
                  | melee. [demonic ancestry]
  1300 | D:2      | Reached XP level 3. HP: 22/29 MP: 3/3
  1807 | D:2      | Found a shadowy altar of Dithmenos.
  1907 | D:2      | Reached skill level 4 in Long Blades
  1907 | D:2      | Reached XP level 4. HP: 37/37 MP: 4/4
  2110 | D:2      | Found a bloodstained altar of Trog.
  2987 | D:3      | Found a basalt altar of Yredelemnul.
  3220 | D:4      | Gained mutation: You sometimes gain a little power by
                  | taking damage. [demonic ancestry]
  3220 | D:4      | Reached XP level 5. HP: 26/42 MP: 5/5
  3220 | D:4      | Found a sparkling altar of Nemelex Xobeh.
  3223 | D:4      | Noticed an ice beast
  3224 | D:4      | Gained mutation: Your natural rate of healing is unusually
                  | fast. [potion of mutation]
  3224 | D:4      | Gained mutation: You possess an exceptional clarity of
                  | mind. [potion of mutation]
  3265 | D:4      | Reached skill level 5 in Long Blades
  3280 | D:4      | HP: 2/64 [gnoll/+0 club (2)]
  3282 | D:4      | Killed an ice beast
  3282 | D:4      | Reached XP level 6. HP: 3/49 MP: 6/6
  3287 | D:4      | HP: 2/49 [gnoll/+0 spear (2)]
  3302 | D:4      | Found a staircase to the Ecumenical Temple.
  3308 | D:3      | HP: 1/49 [orc/+0 trident (6)]
  3308 | D:3      | Slain by an orc wizard

Levels and vault maps discovered:
D:1:      onia_arrival_pyramid, layout_basic
D:2:      layout_rooms, lemuel_doored_altar, lightli_temple_of_fire,
          uniq_sigmund
D:3:      layout_basic, yredelemnul_forgotten_temple_becter
D:4:      layout_loops_corners, kennysheep_mini,
          nemelex_xobeh_ov_fountains_minmay, minmay_temple_entry_purple_smoke

Skill      XL: |  1  2  3  4  5 |
---------------+----------------+-----
Long Blades    | 3 4 5 |  5.5
Fighting       | 4 |  4.7
Dodging        | |  2.6
Stealth        | |  1.7

Action                   |  1- 3 |  4- 6 || total
-------------------------+-------+-------++-------
Melee: Falchion          |    94 |   140 ||   234
Throw: Stone             |       |     7 ||     7
  Use: Potion            |       |     7 ||     7
       Scroll            |       |     6 ||     6
 Stab: Sleeping          |     5 |       ||     5
  Eat: Chunk             |     3 |     4 ||     7
Armor: Robe              |     5 |       ||     5
       Leather armour    |    23 |    11 ||    34
       Ring mail         |       |    26 ||    26
       Skin              |       |    36 ||    36
Dodge: Dodged            |    57 |    84 ||   141
       Rpst.: Falchion   |    18 |    22 ||    40

Table legend:
 A = Non-vault XP
 B = Vault XP
 C = Vault XP percentage of total XP
 D = Non-vault monster count
 E = Vault monster count
 F = Vault count percentage of total count
                 A         B        C        D         E       F
            +---------+---------+-------+---------+---------+-------
      Total |     461 |       1 |   0.2 |      68 |       1 |   1.4
            +---------+---------+-------+---------+---------+-------
        D:1 |      31 |       0 |   0.0 |      20 |       0 |   0.0
        D:2 |      69 |       0 |   0.0 |      18 |       0 |   0.0
        D:3 |      62 |       1 |   1.6 |      19 |       1 |   5.0
        D:4 |     299 |       0 |   0.0 |      11 |       0 |   0.0
            +---------+---------+-------+---------+---------+-------
